 Dungeon Crawl Stone Soup version 0.23.2-1-ga50397a6bc (webtiles) character file.

Game seed: 4781598247426936917

7116 Ethylacetat the Spear-Bearer (level 10, -14/82 (83) HPs)
             Began as a Demonspawn Gladiator on Apr 23, 2019.
             Was an Elder of Okawaru.
             Demolished by Snorg (15 damage)
             ... on level 10 of the Dungeon.
             The game lasted 00:30:24 (11298 turns).

Ethylacetat the Spear-Bearer (DsGl)                Turns: 11298, Time: 00:30:24

HP:   -14/82 (83)   AC: 22    Str: 15    XL:     10   Next: 85%
MP:   13/13         EV: 10    Int: 10    God:    Okawaru [****..]
Gold: 623           SH:  0    Dex: 17    Spells: 9/9 levels left

rFire    + . .     SeeInvis +   q - +5 hand axe (distort)
rCold    + . .     Gourm    .   (no shield)
rNeg     . . .     Faith    .   N - +4 scale mail {rF+}
rPois    .         Spirit   .   (helmet restricted)
rElec    .         Reflect  .   (no cloak)
rCorr    .         Harm     .   (no gloves)
MR       .....                  (no boots)
Stlth    ++........             (no amulet)
HPRegen  0.23/turn              G - +3 ring of protection
MPRegen  0.13/turn              J - ring of the Philosopher {rC+ SInv Stlth+}

@: sanguine armour
A: horns 2, nightstalker 1, sanguine armour 2
a: Heroism, Renounce Religion


You were on level 10 of the Dungeon.
You worshipped Okawaru.
Okawaru was greatly pleased with you.
You were not hungry.

You visited 3 branches of the dungeon, and saw 12 of its levels.
You also visited: Sewer and Ossuary.

You collected 623 gold pieces.

Inventory:

Hand Weapons
 a - a +0 trident
 q - a +5 hand axe of distortion (weapon)
 C - the +5 hunting sling of the Forest {freeze, rElec rC++ SInv}
   (You found it on level 5 of the Dungeon)

   It causes projectiles fired from it to freeze those they strike, causing
   extra injury to most foes and up to half again as much damage against
   particularly susceptible opponents.
   They can also slow down cold-blooded creatures.
   It greatly protects you from cold.
   It insulates you from electricity.
   It lets you see invisible.
Missiles
 d - 5 throwing nets (quivered)
Armour
 N - a +4 scale mail of fire resistance (worn)
Jewellery
 b - a +3 ring of intelligence {unknown}
 D - an uncursed ring of resist corrosion
 E - an uncursed ring of wizardry
 G - a +3 ring of protection (left hand)
 J - the ring of the Philosopher (right hand) {rC+ SInv Stlth+}
   (You found it on level 9 of the Dungeon)

   [ring of stealth]

   It protects you from cold.
   It lets you see invisible.
   It makes you more stealthy.
 K - an uncursed ring of fire
Wands
 o - a wand of digging (5)
 y - a wand of random effects (26)
Scrolls
 c - a scroll of vulnerability {unknown}
 g - 3 scrolls of enchant armour {unknown}
 h - 2 scrolls of enchant weapon
 k - a scroll of amnesia
 l - 10 scrolls of identify
 m - a scroll of remove curse
 n - 2 scrolls of fear {unknown}
 p - 3 scrolls of fog
 s - 9 scrolls of teleportation
 u - a scroll of blinking {unknown}
 x - 2 scrolls of magic mapping {unknown}
Potions
 e - 2 potions of haste {unknown}
 i - 4 potions of resistance {unknown}
 j - 3 potions of degeneration {unknown}
 r - 10 potions of curing {unknown}
 t - 3 potions of magic {unknown}
 v - 4 potions of heal wounds {unknown}
 w - 5 potions of lignification {unknown}
 z - 2 potions of ambrosia {unknown}
 A - a potion of flight {unknown}
 B - a potion of might {unknown}
 F - 3 potions of berserk rage {unknown}
 H - a potion of brilliance {unknown}
 I - a potion of experience {unknown}
Comestibles
 f - 18 rations
 L - 8 chunks of flesh


   Skills:
 + Level 9.6 Fighting
 * Level 12.2 Polearms
 - Level 2.0 Throwing
 - Level 2.8 Dodging
 + Level 4.8 Invocations


You had 9 spell levels left.
You didn't know any spells.
Your spell library contained the following spells:

 Spells                   Type           Power        Failure   Level  Hunger
 Beastly Appendage        Tmut           #.....       85%         1    ##.....
 Corona                   Hex            #......      85%         1    ##.....
 Magic Dart               Conj           #...         85%         1    ##.....
 Blink                    Tloc           N/A          94%         2    ###....
 Call Imp                 Summ           #.......     94%         2    ###....
 Ensorcelled Hibernation  Hex/Ice        #.....       94%         2    ###....
 Slow                     Hex            #.......     94%         2    ###....
 Sticks to Snakes         Tmut           #.......     94%         2    ###....
 Confuse                  Hex            #.......     99%         3    ####...
 Conjure Flame            Conj/Fire      #.......     99%         3    ####...
 Dazzling Spray           Conj/Hex       #.....       99%         3    ####...
 Mephitic Cloud           Conj/Pois/Air  #.......     99%         3    ####...
 Spider Form              Tmut/Pois      #.........   99%         3    ####...
 Tukima's Dance           Hex            #.......     99%         3    ####...
 Ice Form                 Ice/Tmut       #.......     100%        4    #####..
 Blade Hands              Tmut           #.........   100%        5    ######.


Dungeon Overview and Level Annotations

Branches:
Dungeon (10/15)            Temple (1/1) D:6            Lair (1/6) D:9
    Orc (0/2) D:9

Altars:
Ashenzari
Cheibriados
Dithmenos
Elyvilon
Fedhas
Gozag
Hepliaklqana
Kikubaaqudgha
Makhleb
Nemelex Xobeh
Okawaru
Qazlal
Ru
Sif Muna
Trog
Uskayaw
Vehumet
Wu Jian
Xom
Yredelemnul
Zin
The Shining One
Beogh

Shops:
D:10 (

Annotations:
D:10 Snorg
Abyss:1 Edmund, Psyche, Purgy


Innate Abilities, Weirdness & Mutations

You have a pair of horns on your head.
You are slightly more attuned to the shadows.
When seriously injured, your bleeding wounds create thick armour. (AC +9)


Message History

You are too injured to fight recklessly!
Throwing (i - inventory)
d - 7 throwing nets (quivered)
Press: ? - help, Shift-Dir - straight line, f - Snorg
Aim: Snorg (moderately wounded, berserk, fast, unusually strong)
You throw a throwing net. The throwing net barely misses Snorg.
Snorg bites you but does no damage. Snorg claws you!
* * * LOW HITPOINT WARNING * * *
Snorg claws you but does no damage.
Throwing (i - inventory)
d - 6 throwing nets (quivered)
Press: ? - help, Shift-Dir - straight line, f/p - Snorg
Aim: Snorg (moderately wounded, berserk, fast, unusually strong)
You throw a throwing net. The throwing net barely misses Snorg.
Snorg bites you!
* * * LOW HITPOINT WARNING * * *
Snorg claws you!
* * * LOW HITPOINT WARNING * * *
Snorg claws you.
* * * LOW HITPOINT WARNING * * *
Snorg bites you!
You die...

+.......# ....<...#
#######.......#
..#######
..........##'###(.##
......รท...#
.......# ..........#
......# ...>......#
..... ..........#
... ..........# #T#
###......## ##@#
#......# #..#
#......# #..# .#
+......# #..# ...#
#......###+###.# ..#
####.....#.###.##..#
#.....#...#.....#
#.....#...#.....#
#.....#...#.....#


You could see Snorg (berserk).

Vanquished Creatures
  Harold (Lair:1)
  A komodo dragon (D:9)
  2 hippogriffs
  A wyvern (D:8)
  4 yaks (D:9)
  3 hogs (D:7)
  Menkaure (Ossuary)
  4 ice beasts
  2 sky beasts
  A black bear (D:7)
  A necrophage (Temple)
  3 orc warriors
  An ogre (D:4)
  2 phantoms
  4 wolves (Lair:1)
  Blork the orc (D:4)
  A big kobold (D:7)
  3 bullfrogs
  A water moccasin zombie (D:9)
  2 scorpions
  3 howler monkeys
  4 crimson imps
  A bullfrog zombie (D:9)
  A centaur zombie (D:4)
  A quasit (D:10)
  3 hounds
  2 bullfrog skeletons (D:4)
  2 centaur skeletons
  7 orc priests
  A jelly (D:7)
  8 orc wizards
  An iguana (D:9)
  5 worker ants
  3 worker ant zombies
  3 mummies
  14 adders
  2 gnolls (D:8)
  2 river rats (D:3)
  3 shadow imps
  An ooze (D:6)
  3 adder skeletons
  5 worms
  2 dart slugs (D:1)
  4 leopard geckos
  28 orcs
  5 ball pythons
  9 bats
  10 giant cockroaches
  2 gnoll zombies (Ossuary)
  A goblin (D:1)
  8 hobgoblins
  7 jackals
  7 quokkas
  11 frilled lizards
  4 gnoll skeletons (Ossuary)
  A goblin skeleton (Ossuary)
  4 goblin zombies
  4 hobgoblin skeletons (Ossuary)
  6 hobgoblin zombies
  11 kobolds
  4 kobold skeletons (Ossuary)
  3 kobold zombies (Ossuary)
  5 orc skeletons (Ossuary)
  2 orc zombies (Ossuary)
  11 rats
  3 rat skeletons (Ossuary)
  7 rat zombies (Ossuary)
273 creatures vanquished.

Vanquished Creatures (others)
  A hog (D:7)
  2 orc warriors
  2 wolves (Lair:1)
  A centaur (D:7)
  A crocodile (Lair:1)
  A big kobold (D:9)
  A scorpion (D:6)
  A howler monkey (D:7)
  A bullfrog skeleton (D:4)
  A jelly (D:7)
  An iguana (D:8)
  An orc wizard (D:3)
  A worker ant (D:6)
  A mummy (Ossuary)
  A worker ant zombie (D:5)
  A gnoll (D:8)
  An adder (D:4)
  A worm (D:3)
  An orc (D:9)
  A goblin zombie (Ossuary)
  A hobgoblin zombie (Ossuary)
  An orc skeleton (Ossuary)
  A rat skeleton (Ossuary)
  3 plants (D:9)
28 creatures vanquished.

Grand Total: 301 creatures vanquished

Notes
Turn   | Place    | Note
-------+----------+-------------------------------------------
     0 | D:1      | Ethylacetat the Demonspawn Gladiator began the quest for
                  | the Orb.
     0 | D:1      | Reached XP level 1. HP: 16/16 MP: 1/1
   471 | D:1      | Gained mutation: When seriously injured, your bleeding
                  | wounds create armour. (AC +9) [demonic ancestry]
   471 | D:1      | Reached XP level 2. HP: 22/22 MP: 2/2
   510 | D:1      | Reached skill level 3 in Polearms
  1077 | D:1      | Reached XP level 3. HP: 24/28 MP: 3/3
  1895 | D:2      | Reached skill level 4 in Polearms
  1895 | D:2      | Reached XP level 4. HP: 29/34 MP: 4/4
  2268 | D:2      | Gained mutation: When seriously injured, your bleeding
                  | wounds create thick armour. (AC +9) [demonic ancestry]
  2268 | D:2      | Reached XP level 5. HP: 38/41 MP: 5/5
  2796 | D:3      | Reached skill level 5 in Polearms
  2860 | D:3      | Found a glowing drain.
  2866 | Sewer    | Entered a sewer
  2919 | Sewer    | Noticed Purgy
  2930 | Sewer    | Banished Purgy
  2930 | Sewer    | Gained mutation: You have a pair of small horns on your
                  | head. [demonic ancestry]
  2930 | Sewer    | Reached XP level 6. HP: 39/48 MP: 6/6
  3213 | D:3      | Found a bloodstained altar of Trog.
  3584 | D:4      | Found a sand-covered staircase.
  3591 | Ossuary  | Entered an ossuary
  3836 | Ossuary  | Noticed Menkaure
  3846 | Ossuary  | Killed Menkaure
  3846 | Ossuary  | Reached skill level 6 in Polearms
  3853 | Ossuary  | Gained mutation: You are slightly more attuned to the
                  | shadows. [demonic ancestry]
  3853 | Ossuary  | Reached XP level 7. HP: 31/55 MP: 7/7
  3984 | D:4      | Found a shadowy altar of Dithmenos.
  4001 | D:4      | Reached skill level 5 in Fighting
  4111 | D:4      | Noticed Edmund
  4113 | D:4      | Noticed Blork the orc
  4350 | D:4      | Killed Blork the orc
  4350 | D:4      | Reached skill level 7 in Polearms
  4529 | D:4      | Found a shimmering altar of Xom.
  4590 | D:4      | Banished Edmund
  4615 | D:4      | Found a shadowy altar of Dithmenos.
  4776 | D:4      | Reached XP level 8. HP: 55/63 MP: 8/8
  5136 | D:5      | Entered Level 5 of the Dungeon
  5170 | D:5      | Found an ancient bone altar of Kikubaaqudgha.
  5407 | D:5      | Found a sacrificial altar of Ru.
  5415 | D:5      | Reached skill level 8 in Polearms
  5497 | D:5      | Got an iridescent hunting sling
  5499 | D:5      | Identified the +5 hunting sling of the Forest {freeze,
                  | rElec rC++ SInv} (You found it on level 5 of the Dungeon)
  5697 | D:6      | Found a staircase to the Ecumenical Temple.
  5712 | Temple   | Entered the Ecumenical Temple
  5724 | Temple   | Became a worshipper of Warmaster Okawaru
  5993 | D:6      | Reached skill level 9 in Polearms
  6529 | D:7      | Found a sparkling altar of Nemelex Xobeh.
  6589 | D:7      | Gained mutation: You have a pair of horns on your head.
                  | [demonic ancestry]
  6589 | D:7      | Reached XP level 9. HP: 62/71 MP: 9/9
  6718 | D:7      | Reached * piety under Okawaru
  7089 | D:7      | Reached skill level 10 in Polearms
  7702 | D:8      | Reached ** piety under Okawaru
  7836 | D:8      | Found a stormy altar of Qazlal.
  7942 | D:8      | Found a hide-covered altar of Uskayaw.
  7942 | D:8      | Found a deep blue altar of Sif Muna.
  8661 | D:9      | Noticed Psyche
  8671 | D:9      | Banished Psyche
  8671 | D:9      | Reached skill level 11 in Polearms
  8671 | D:9      | Reached XP level 10. HP: 77/81 MP: 10/10
  8884 | D:9      | Reached *** piety under Okawaru
  9107 | D:8      | Reached skill level 1 in Invocations
  9532 | D:9      | Found a staircase to the Orcish Mines.
  9955 | D:9      | Found a staircase to the Lair.
 10004 | D:9      | Found a roughly hewn altar of Beogh.
 10055 | D:9      | Found a snail-covered altar of Cheibriados.
 10225 | D:9      | Got a clouded glass ring
 10401 | Lair:1   | Entered Level 1 of the Lair of Beasts
 10443 | Lair:1   | Reached **** piety under Okawaru
 10614 | Lair:1   | Noticed Harold
 10622 | Lair:1   | Killed Harold
 10622 | Lair:1   | Reached skill level 12 in Polearms
 10797 | Lair:1   | Identified the ring of the Philosopher {rC+ SInv Stlth+}
                  | (You found it on level 9 of the Dungeon)
 10879 | D:10     | Entered Level 10 of the Dungeon
 10951 | D:10     | Found Duyzoir's Weapon Shoppe.
 11050 | D:10     | Noticed Snorg
 11298 | D:10     | HP: 4/82 [Snorg (7)]
 11298 | D:10     | HP: 1/82 [Snorg (3)]
 11298 | D:10     | Demolished by Snorg

Skill      XL: |  1  2  3  4  5  6  7  8  9 10 |
---------------+-------------------------------+-----
Throwing       | 2 |  2.0
Polearms       | 3 4 5 6 7 9 11 12 | 12.2
Fighting       | 3 4 5 7 8 9 |  9.6
Invocations    | 4 |  4.8
Dodging        | |  2.8

Action                   |  1- 3 |  4- 6 |  7- 9 | 10-12 || total
-------------------------+-------+-------+-------+-------++-------
Melee: Trident           |   136 |   109 |       |       ||   245
       Hand axe          |       |   128 |   300 |   168 ||   596
       Headbutt          |       |    12 |    49 |    43 ||   104
Throw: Throwing net      |       |       |       |     2 ||     2
  Use: Scroll            |       |       |     2 |     4 ||     6
 Stab: Sleeping          |     3 |       |    19 |     1 ||    23
  Eat: Chunk             |     3 |     6 |    15 |    10 ||    34
Armor: Leather armour    |    39 |    55 |    62 |       ||   156
       Chain mail        |       |       |       |    56 ||    56
       Scale mail        |       |       |       |    19 ||    19
Dodge: Dodged            |    84 |   134 |   146 |    49 ||   413
